 BcadrenCrawl: Boulder Brew version 0.03.2.1-54-g1668231259 (webtiles) character file.

Game seed: 5757826409798315468, levelgen mode: deterministic

363732 esc the Crack Shot (level 21, -7/212 HPs) Lignifite Noble. Began on Jan 31, 2021. Was an Initiate of Gozag Ym Sagoz. Mangled by a balrug ... wielding a cursed +0 vampiric demon whip {(Curse: Fragile)} ... summoned by Asterion (43 damage) ... on level 4 of the Vaults. The game lasted 01:15:03 (25021 turns).

esc the Crack Shot (Lignifite Noble)               Turns: 25021, Time: 01:15:04

Health: -7/212     AC: 18    Str: 27    XL:     21 ^: 55310
Magic:  23/23      EV: 22    Int: 12    God:    Gozag Ym Sagoz
Gold:   4407       SH:  8    Dex: 28    Spells: 22/22 levels left

rFire    x . .     Vision   +   F - +9 longbow (molten)
rCold    + + +     Gourm    .   (also wielding the above weapon)
rNeg     + . .     Faith    .   W - +4 skin of Zhor {Hibernate rC+++ +Vis}
rPois    +         Spirit   .   Y - +0 mask of the Dragon {MR+ Slay+3 +Vis}
rElec    +         Reflect  .   J - +2 ratskin cloak {+Rats rPois rN+ Str-1 Int-1 Dex+1}
rCorr    .         Harm     +   (gloves unavailable)
MR       +++..                  (boots unavailable)
Stlth    ++........             d - amulet of harm
HPRegen  0.80/turn              e - ring of dexterity
MPRegen  0.33/turn              L - ring of Lesser Demons {-Vis rElec rPois Str+10 Dex+4}

@: about to teleport, slow
A: large, rF-, deformed body, poison resistance, slowness 1, slow metabolism 1,
torment resistance, plant, rot immunity, AC +9
}: 2/15 runes: serpentine, barnacled
a: Plant Roots, Potion Petition, Call Merchant, Bribe Branch, Renounce Religion,
Evoke Ratskin


You were on level 4 of the Vaults.
You worshipped Gozag Ym Sagoz.
Gozag Ym Sagoz was most pleased with you.
You were full.

You visited 7 branches of the dungeon, and saw 28 of its levels.
You visited 1 bazaar.
You also visited: Ice Cave, Volcano and Market.

You collected 18844 gold pieces.
You spent 7979 gold pieces at shops.
You paid 7458 gold pieces to Gozag.

Inventory:

Weapons
 b - the +9 lance "Wyrmbane" {slay drac, rPois rF+ rC+ AC+3}
   (You took it off Maggie on level 4 of the Dungeon)

   This legendary weapon is deadly to all dragonkind.
   It affects your AC (+3).
   It protects you from fire.
   It protects you from cold.
   It protects you from poison.
 F - a +9 longbow of molten steel (weapon)
Armour
 J - the +2 ratskin cloak (worn) {+Rats rPois rN+ Str-1 Int-1 Dex+1}
   (You bought it in a shop on level 6 of the Dungeon)

   It affects your strength (-1).
   It affects your intelligence (-1).
   It affects your dexterity (+1).
   It protects you from poison.
   It protects you from negative energy.
 W - the +4 skin of Zhor (worn) {Hibernate rC+++ +Vis}
   (You bought it in a shop on level 6 of the Lair of Beasts)

   It renders you almost immune to cold.
   It improves your vision.
 Y - the +0 mask of the Dragon (worn) {MR+ Slay+3 +Vis}
   (You bought it in a shop on level 2 of the Orcish Mines)

   It affects your accuracy and damage with ranged weapons and melee attacks
   (+3).
   It affects your resistance to hostile enchantments.
   It improves your vision.
Jewellery
 d - an amulet of harm (around neck)
 e - a ring of dexterity (left hand)
 o - an uncursed ring of protection
 t - an uncursed ring of resist corrosion
 L - the ring of Lesser Demons (right hand) {-Vis rElec rPois Str+10 Dex+4}
   (You took it off an orc knight on level 1 of the Vaults)

   [ring of poison resistance]

   It affects your strength (+10).
   It affects your dexterity (+4).
   It insulates you from electricity.
   It protects you from poison.
   It blurs your vision.
 N - an uncursed ring of evasion
 R - an uncursed amulet of reflection
 U - the ring of the Komtur {AC+5 Int+4}
   (You took it off a guardian mummy on level 4 of the Lair of Beasts)

   [ring of protection]

   It affects your AC (+5).
   It affects your intelligence (+4).
Wands
 x - a wand of ensnaring (40)
 y - a wand of enslavement (39)
 z - a wand of hasting (19)
 A - a wand of disintegration (29)
 B - a wand of flame (63)
 D - a wand of iceblast (24)
 E - a wand of acid (19)
 I - a wand of clouds (11)
 M - a wand of random effects (46)
 V - a wand of polymorph (36)
Scrolls
 a - 2 scrolls of torment
 c - 8 scrolls of teleportation
 f - 4 scrolls of holy word
 g - 4 scrolls of immolation
 h - 9 scrolls of magic mapping
 i - 6 scrolls of fear
 k - 5 scrolls of fog
 l - 6 scrolls of vulnerability
 r - 8 scrolls of blinking
 G - 6 scrolls of bless item
 K - 2 scrolls of enchantment
 O - 3 scrolls of summoning
 Q - 2 scrolls of silence
Potions
 j - 14 potions of haste
 m - 17 potions of agility
 n - 10 potions of might
 p - 6 potions of berserk rage
 q - 13 potions of heal wounds
 s - 35 potions of curing
 v - 8 potions of cancellation
 w - 4 potions of resistance
 H - 7 potions of invisibility
 P - 4 potions of ambrosia
 S - 2 potions of magic
Miscellaneous
 C - a box of beasts
Comestibles
 u - 37 rations


   Skills:
 + Level 18.0 Fighting
 * Level 23.4 Bows
 + Level 11.2 Armour
 + Level 12.1 Dodging
 - Level 0.8 Stealth
 - Level 1.1 Spellcasting


You had 22 spell levels left.
You didn't know any spells.
Your spell library contained the following spells:

 Spells                   Type           Power        Failure   Level  Hunger
 Flame Tongue             Fire           0 (30)       30%         1    ##.....
 Magic Candle             Hex/Fire       0 (90)       30%         1    ##.....
 Poisonous Vapours        Pois/Air       0 (50)       30%         1    ##.....
 Shock                    Air            0 (25)       30%         1    ##.....
 Summon Butterflies       Summ           0 (100)      30%         1    ##.....
 Blink                    Tloc           N/A          41%         2    ###....
 Call Imp                 Summ           0 (100)      41%         2    ###....
 Slow                     Hex            0 (100)      41%         2    ###....
 Swiftness                Chrm/Air       0 (100)      41%         2    ###....
 Blinding Spray           Hex/Pois       0 (50)       65%         3    ####...
 Conjure Flame            Fire           0 (100)      65%         3    ####...
 Ignite Poison            Fire/Tmut      0 (100)      65%         3    ####...
 Mephitic Cloud           Pois/Air       0 (100)      65%         3    ####...
 Pryten's Skeletal Upris  Chrm/Necr      0 (200)      65%         3    ####...
 Static Discharge         Air            0 (100)      65%         3    ####...
 Airstrike                Air            0 (200)      96%         4    #####..
 Animate Dead             Necr           N/A          96%         4    #####..
 Cause Fear               Hex            0 (200)      96%         4    #####..
 Fulminant Prism          Hex            0 (200)      96%         4    #####..
 Leda's Liquefaction      Tmut/Erth      0 (200)      96%         4    #####..
 Bolt of Magma            Fire/Erth      0 (200)      100%        5    ######.
 Fireball                 Fire           0 (200)      100%        5    ######.
 Lightning Bolt           Air            0 (200)      100%        5    ######.
 Silence                  Hex/Air        0 (200)      100%        5    ######.
 Bolt of Fire             Fire           0 (200)      100%        6    #######
 Deflect Missiles         Chrm/Air       0 (200)      100%        6    #######
 Iron Shot                Erth           0 (200)      100%        6    #######
 Ring of Flames           Chrm/Fire      0 (200)      100%        6    #######
 Starburst                Fire           0 (200)      100%        6    #######
 Statue Form              Tmut/Erth      0 (150)      100%        6    #######
 Tunneling                Erth           0 (200)      100%        6    #######
 Dragon Form              Tmut           0 (200)      100%        7    #######
 Ignition                 Fire           0 (200)      100%        8    #######
 Dragon's Call            Summ           0 (200)      100%        9    #######
 Shatter                  Erth           0 (200)      100%        9    #######


Dungeon Overview and Level Annotations

Branches:
Dungeon (7/8)              Temple (1/1) D:4            Lair (6/6) D:5
 Shoals (4/4) Lair:3        Snake (4/4) Lair:2        Slime (0/5) Lair:5
    Orc (2/2) D:6             Elf (0/3) Orc:2        Vaults (4/5) D:7
  Crypt (0/3) Vaults:2      IceCv (visited)         Volcano (visited)

Altars:
Ashenzari
Cheibriados
Dithmenos
Elyvilon
Fedhas Madash
Gozag Ym Sagoz
Kikubaaqudgha
Makhleb
Okawaru
Qazlal
Ru
Sif Muna
Trog
Vehumet
Wu Jian
Yredelemnul
Zin
Beogh
Jiyva
Lugonu

Shops:
D:2 (*   D:4 *   D:6 [   Orc:2 ([[*   Lair:6 [(*(*   Shoals:2 [   Shoals:4 !
Snake:1 =!   Snake:4 ?   Vaults:3 *

Portals:
Bazaar: Vaults:2

Annotations:
Lair:2 exclusion: oklob plant
Vaults:4 Asterion


Innate Abilities, Weirdness & Mutations

Your woody flesh burns easily. (rF-)
Your bark is resilient. (AC +9)
A tangle of shorter branches protects your body from attack. (+8 SH)
You can plant your roots to grant stasis and boost your AC and Regeneration.
You are too large for most types of armour.
Armour fits poorly on your strangely shaped body.
Your system is resistant to poisons. (rPois)
You cover ground slowly.
You have a slow metabolism.
You are immune to unholy pain and torment.
You require very little carbon dioxide to survive.
You are immune to rotting.


Message History

You shoot an arrow.
Asterion blocks the arrow.
Asterion hits you with a +4 morningstar of crushing (22)!!
Asterion gores you (2).
* * * LOW HITPOINT WARNING * * *
As you read the scroll of teleportation, it crumbles to dust.
You feel strangely unstable.
The balrug hits you with a cursed +0 vampiric demon whip {(Curse: Fragile)} (11)!
* * * LOW HITPOINT WARNING * * *
You are engulfed in flames (21)!!
The fire burns you terribly!
* * * LOW HITPOINT WARNING * * *
You block the balrug's attack.
You feel much better.
Asterion hits you with a +4 morningstar of crushing (4).
* * * LOW HITPOINT WARNING * * *
x2 Asterion gores you but does no damage.
The balrug hits you with a cursed +0 vampiric demon whip {(Curse: Fragile)} (6).
* * * LOW HITPOINT WARNING * * *
You are engulfed in flames (36)!!!
The fire burns you terribly!
You die...
Your body crumbles into a pile of gold.

#.$.....# #.......#
####2###########
#..#..^.#......# ###
##..##...'......# ..#
#+###....###'#.>....# #.#
#.>..........#......# #.#
#[......2H)..#....).# ..#
#)###...@###'#......# #.#
#.[.##..##...######## #.#
#....#..#....# ..#
########'############
#####...................#
#.#.+...................#
.#.##...................#
#)#.#...#.#.#...#.###...#
.#)##...#)#.#...#.#.....#


You could see Asterion and a balrug.

Vanquished Creatures
  Mara (Shoals:4)
  Boris (Vaults:4)
  Saint Roka (Snake:4)
  Nikola (Vaults:2)
  Jory (Vaults:2)
  Rupert (D:7)
  Frances (Shoals:2)
  Polyphemus (Shoals:4)
  A sphinx (Vaults:2)
  2 krakens (Shoals:4)
  2 tengu reavers
  The ghost of MackTheFife the Hill Orc Mishap, a veteran HOGl of Qazlal (Vaults:2)
  5 nagarajas (Snake:4)
  14 vault wardens
  A draconian knight (Vaults:4)
  Louise (Shoals:1)
  An orc warlord (Orc:2)
  12 ironheart preservers
  Roxanne (Snake:4)
  5 entropy weavers
  The ghost of Lanoc the Slayer, an adept DrDs of Jiyva (Snake:2)
  A red draconian (Volcano)
  3 fire dragons
  Snorg (Lair:5)
  A deep elf annihilator (Vaults:3)
  4 merfolk javelineers
  3 ice dragons
  7 merfolk avatars
  Nessos (D:7)
  16 naga warriors
  5 ogre magi
  Gammafunk (Snake:3)
  3 death knights
  A satyr (Shoals:4)
  6 very ugly things (Vaults:3)
  7 boulder beetles
  A catoblepas (Shoals:4)
  A great orb of eyes (Vaults:4)
  3 merfolk aquamancers
  4 stone giants
  Urug (D:7)
  10 merfolk impalers
  4 ettins
  A soul eater (Orc:2)
  4 alligator snapping turtles
  8 naga sharpshooters
  2 spriggan defenders (Vaults:4)
  4 unseen horrors (D:7)
  6 yaktaur captains
  9 shock serpents
  Nergalle (Lair:1)
  5 deep elf knights
  17 two-headed ogres
  16 vault guards
  A tengu warrior (D:7)
  A fire crab (shapeshifter) (Vaults:4)
  4 hydras
  14 anacondas
  3 salamander mystics
  9 orc knights
  12 harpies
  A phantasmal warrior (Vaults:3)
  11 ironbrand convokers
  2 deep elf archers
  A flayed ghost (Vaults:3)
  11 naga ritualists
  3 wizards (Vaults:2)
  4 glowing orange brains
  5 fauns
  5 deep trolls (Vaults:4)
  5 centaur warriors
  5 skeletal warriors (Vaults:1)
  13 manticores
  15 death yaks
  5 deep elf magi
  A torpor snail (Lair:4)
  10 guardian serpents
  A rock worm (shapeshifter) (Vaults:1)
  9 salamanders
  A spectral boulder beetle (Lair:4)
  14 merfolk sirens
  14 sea snakes
  15 naga magi
  35 giraffes
  5 orc sorcerers
  A sea snake (shapeshifter) (Vaults:2)
  A gargoyle (D:6)
  10 vault sentinels
  8 water nymphs
  14 mana vipers
  3 ice statues
  42 black mambas
  33 ugly things
  Maggie (D:4)
  6 elephants
  5 rime drakes
  17 spiny frogs
  8 freezing wraiths
  8 wolf spiders
  3 kobold demonologists
  14 ice devils (IceCv)
  A meliai (shapeshifter) (D:7)
  25 yaktaurs
  7 trolls
  An efreet (D:7)
  A yaktaur (shapeshifter) (Vaults:2)
  15 snapping turtles
  A spectral death yak (Lair:4)
  8 komodo dragons
  A jumping spider (shapeshifter) (Vaults:2)
  3 polar bears
  4 wind drakes
  4 hornets
  A jumping spider (Vaults:3)
  8 wraiths
  7 blink frogs
  A spectral hydra (Lair:4)
  A boulder beetle simulacrum (Vaults:1)
  29 merfolk
  8 hippogriffs
  5 wyverns
  7 cyclopes
  7 water elementals
  A cyclops (shapeshifter) (D:7)
  38 yaks
  16 humans (D:7)
  2 basilisks
  47 nagas
  3 fire bats (Lair:2)
  8 redbacks
  A tarantella (shapeshifter) (D:7)
  3 guardian mummies
  2 hydra skeletons (Lair:4)
  A hungry ghost (Shoals:3)
  3 tarantellas
  5 slime creatures
  Edmund (D:3)
  6 wargs
  A necrophage (D:5)
  2 phantoms
  A spectral chaos butterfly (Lair:4)
  22 water moccasins
  A scorpion (shapeshifter) (Vaults:2)
  8 scorpions
  41 orc warriors
  An ice beast (D:4)
  13 porcupines
  5 sky beasts
  A black bear (D:5)
  A hydra simulacrum (Lair:4)
  A spectral komodo dragon (Lair:4)
  2 ettin simulacra (Vaults:2)
  A chaos butterfly zombie (Lair:4)
  15 ogres
  5 wolves (Lair:4)
  3 boggarts (Vaults:3)
  A dream sheep zombie (Lair:4)
  A spectral polar bear (Lair:4)
  24 crocodiles
  7 big kobolds
  A gnoll sergeant (D:5)
  2 swooping magpie skeletons (Lair:4)
  24 bullfrogs
  2 black mamba zombies (Lair:4)
  2 meliai zombies
  14 centaurs
  2 black mamba skeletons (Lair:4)
  A harpy skeleton (D:7)
  A howler monkey (D:3)
  2 swooping magpie simulacra (Lair:4)
  A spectral blink frog (Lair:4)
  13 wights
  7 killer bees
  A black mamba simulacrum (Lair:4)
  2 spiny frog simulacra (Lair:4)
  3 quasits
  9 electric eels
  2 blink frog zombies (Lair:4)
  2 rime drake skeletons (Lair:4)
  13 jellies
  A gnoll shaman (D:5)
  19 orc priests
  6 hounds
  4 iguanas
  31 orc wizards
  10 worker ants
  A blink frog simulacrum (Lair:4)
  5 wyvern zombies
  2 wyvern skeletons
  A water moccasin skeleton (D:4)
  11 giant cockroaches
  An iron imp (D:4)
  A bullfrog zombie (D:6)
  3 bullfrog skeletons
  2 shadow imps (D:4)
  8 adders
  13 gnolls
  22 sewer rats (D:2)
  6 white imps (IceCv)
  7 cinder newts
  A worm (D:2)
  A hound zombie (D:5)
  7 ufetubi (IceCv)
  12 oozes
  6 leopard geckos
  122 orcs
  2 adder skeletons
  5 ball pythons (D:2)
  A cinder newt skeleton (D:2)
  2 goblins (D:1)
  5 hobgoblins (D:1)
  4 jackals (D:2)
  3 quokkas
  A ball python skeleton (D:3)
  9 bats
  A bat skeleton (D:2)
  25 kobolds
  A leopard gecko skeleton (D:2)
  2 rats (D:1)
  2 fungi
  2 jellyfish
  17 plants
  3 tentacles (Shoals:4)
  A withered plant (D:2)
1553 creatures vanquished.

Vanquished Creatures (others)
  2 white imps (IceCv)
  2 ufetubi (IceCv)
  A ball python (D:2)
  12 fungi
  11 plants
  3 tentacles (Shoals:4)
  82 withered plants (D:2)
113 creatures vanquished.

Grand Total: 1666 creatures vanquished

Notes
Turn   | Place    | Note
-------+----------+-------------------------------------------
     0 | Start Ma | esc the Lignifite Noble began the quest for the Orb.
     0 | Start Ma | Reached XP level 1. HP: 12/12 MP: 3/3
     0 | Start Ma | Found Gagety's Expert Tomes.
     4 | Start Ma | Found Kiga's Auxillary Armour.
     6 | Start Ma | Bought a +0 shortbow for 120 gold pieces
    19 | Start Ma | Found Wiseb's Mashing MeleeMart.
    70 | Start Ma | Bought an uncursed amulet of harm for 300 gold pieces
    72 | Start Ma | Bought an uncursed ring of dexterity for 329 gold pieces
    83 | Start Ma | Bought a +0 hat of improved vision for 220 gold pieces
    97 | D:1      | esc set off with the following items: a +0 robe, a ration,
                  | a +0 shortbow, an amulet of harm, a ring of dexterity, a +0
                  | hat of improved vision
   297 | D:1      | Reached skill level 1 in Bows
   297 | D:1      | Reached XP level 2. HP: 16/18 MP: 4/4
   401 | D:1      | Reached skill level 2 in Bows
   401 | D:1      | Reached XP level 3. HP: 23/23 MP: 5/5
   839 | D:2      | Found a shattered altar of Ashenzari.
   841 | D:2      | Reached skill level 3 in Bows
   841 | D:2      | Reached XP level 4. HP: 28/28 MP: 6/6
   884 | D:2      | Reached XP level 5. HP: 29/33 MP: 7/7
   914 | D:2      | Reached skill level 4 in Bows
   926 | D:2      | Reached skill level 5 in Bows
   926 | D:2      | Reached XP level 6. HP: 38/38 MP: 8/8
  1214 | D:2      | Found Tyrheder's Elemental Accessories.
  1232 | D:2      | Found Ivyewerch's Antique Weapon Boutique.
  1243 | D:2      | Reached skill level 6 in Bows
  1419 | D:2      | Noticed a water moccasin
  1426 | D:2      | HP: 1/38 [sewer rat (3)]
  1442 | D:2      | Killed a water moccasin
  1442 | D:2      | Reached XP level 7. HP: 23/43 MP: 9/9
  1578 | D:2      | Reached skill level 7 in Bows
  1991 | D:2      | Reached XP level 8. HP: 51/54 MP: 10/10
  2002 | D:2      | Reached skill level 8 in Bows
  2030 | D:2      | Found a glowing silver altar of Zin.
  2472 | D:2      | Reached skill level 9 in Bows
  2534 | D:3      | Identified a scroll of acquirement
  2649 | D:3      | Found a white marble altar of Elyvilon.
  2649 | D:3      | Found a faded altar of an unknown god.
  2660 | D:3      | Reached skill level 10 in Bows
  2663 | D:3      | Found a faded altar of an unknown god.
  2681 | D:3      | Reached XP level 9. HP: 33/59 MP: 11/11
  2681 | D:3      | Noticed Edmund
  2686 | D:3      | Killed Edmund
  2688 | D:3      | Found a bloodstained altar of Trog.
  2690 | D:3      | Found an ancient bone altar of Kikubaaqudgha.
  3009 | D:4      | Found a staircase to the Ecumenical Temple.
  3016 | D:4      | Reached skill level 11 in Bows
  3021 | Temple   | Entered the Ecumenical Temple
  3126 | Temple   | Became a worshipper of Gozag Ym Sagoz the Greedy
  3228 | D:4      | Noticed Maggie
  3232 | D:4      | Killed Maggie
  3248 | D:4      | Reached skill level 12 in Bows
  3268 | D:4      | Found a glowing silver altar of Zin.
  3315 | D:4      | Identified the Almanac of Objectivity
  3394 | D:4      | Reached skill level 13 in Bows
  3540 | D:4      | Found a radiant altar of Vehumet.
  3541 | D:4      | Found a stormy altar of Qazlal.
  3541 | D:4      | Found a sacrificial altar of Ru.
  3603 | D:4      | Reached XP level 10. HP: 48/65 MP: 12/12
  3801 | D:4      | Found Lor Cutz's Assorted Antiques.
  3810 | D:4      | Bought a potion of haste for 240 gold pieces
  3810 | D:4      | Bought a scroll labeled MAUC HAELLASAN for 24 gold pieces
  3810 | D:4      | Bought a scroll of teleportation for 72 gold pieces
  3810 | D:4      | Bought a scroll labeled EBEYME XAAFU for 24 gold pieces
  3810 | D:4      | Bought a glowing grey potion for 21 gold pieces
  3810 | D:4      | Bought an ivory wand for 96 gold pieces
  3843 | D:5      | Entered Level 5 of the Dungeon
  3848 | D:5      | Reached skill level 14 in Bows
  3886 | D:5      | Identified the cursed ring of the Centipede {*Tele Int+4,
                  | (Curse: Fragile)}
  3909 | D:5      | Noticed a two-headed ogre
  3913 | D:5      | Killed a two-headed ogre
  3986 | D:5      | Noticed a seven-headed hydra
  3991 | D:5      | Killed a seven-headed hydra
  4013 | D:5      | Reached skill level 15 in Bows
  4107 | D:5      | Noticed a two-headed ogre
  4141 | D:5      | Killed a two-headed ogre
  4141 | D:5      | Reached XP level 11. HP: 57/70 MP: 13/13
  4244 | D:5      | Noticed an orc knight
  4252 | D:5      | Killed an orc knight
  4281 | D:5      | Found a roughly hewn altar of Beogh.
  4375 | D:5      | Found a staircase to the Lair.
  4377 | D:5      | Reached skill level 16 in Bows
  4657 | D:5      | Found a shattered altar of Ashenzari.
  4657 | D:5      | Found an ornate altar of the Wu Jian Council.
  4877 | D:6      | Found a staircase to the Orcish Mines.
  5008 | D:6      | Noticed a death knight
  5017 | D:6      | Killed a death knight
  5103 | D:6      | Reached skill level 17 in Bows
  5297 | D:6      | Reached XP level 12. HP: 58/76 MP: 14/14
  5326 | D:6      | Noticed a boulder beetle
  5336 | D:6      | Killed a boulder beetle
  5794 | Lair:1   | Entered Level 1 of the Lair of Beasts
  5794 | Lair:1   | Noticed a boulder beetle
  5802 | Lair:1   | Killed a boulder beetle
  5838 | Lair:1   | Identified the +4 spear of Umiugh {speed, rPois rN+}
  6192 | Lair:1   | Noticed Nergalle
  6197 | Lair:1   | Killed Nergalle
  6197 | Lair:1   | Reached skill level 18 in Bows
  6359 | Lair:1   | Identified the +5 staff of Lugonu's Delight {menace, cold;
                  | rPois rC+}
  6784 | Lair:2   | Found a dark tunnel.
  6794 | Volcano  | Entered a volcano
  6855 | Volcano  | Noticed a red draconian
  6861 | Volcano  | Killed a red draconian
  7142 | Lair:2   | Noticed a boulder beetle
  7148 | Lair:2   | Killed a boulder beetle
  7216 | Lair:2   | Reached XP level 13. HP: 60/82 MP: 15/15
  7229 | Lair:2   | Reached skill level 1 in Dodging
  7231 | Lair:2   | Reached skill level 1 in Armour
  7420 | Lair:2   | Found a staircase to the Snake Pit.
  7569 | Lair:2   | Identified the +0 leather armour of the Forest {-Cast rElec
                  | rPois Int+6}
  8084 | Lair:3   | Found a staircase to the Shoals.
  8473 | Lair:3   | Reached skill level 5 in Fighting
  8512 | Lair:3   | Reached skill level 19 in Bows
  9183 | Lair:4   | Reached XP level 14. HP: 111/111 MP: 16/16
  9968 | Lair:4   | Identified the ring of the Komtur {AC+5 Int+4}
 10851 | Lair:5   | Found a staircase to the Slime Pits.
 10852 | Lair:5   | Found a viscous altar of Jiyva.
 11073 | Lair:5   | Noticed Snorg
 11075 | Lair:5   | Killed Snorg
 11414 | Lair:6   | Entered Level 6 of the Lair of Beasts
 11561 | Lair:6   | Reached skill level 10 in Fighting
 11637 | Lair:6   | Reached XP level 15. HP: 128/128 MP: 17/17
 11778 | Lair:6   | Reached skill level 20 in Bows
 11808 | Lair:6   | Identified Apuapsir's Papyrus of the Blaze
 12220 | Lair:6   | Bought the +4 skin of Zhor {Hibernate rC+++ +Vis} for 1862
                  | gold pieces
 12220 | Lair:6   | Found the +4 skin of Zhor {Hibernate rC+++ +Vis}
 12390 | Orc:1    | Entered Level 1 of the Orcish Mines
 12431 | Orc:1    | Identified the cursed ring "Doghir" {Ice Dex+2 Stlth+,
                  | (Curse: Fragile)}
 12595 | Orc:2    | Entered Level 2 of the Orcish Mines
 12619 | Orc:2    | Found a staircase to the Elven Halls.
 12729 | Orc:2    | Found a roughly hewn altar of Beogh.
 12777 | Orc:2    | Found a roughly hewn altar of Beogh.
 12946 | Orc:2    | Found a roughly hewn altar of Beogh.
 13100 | Orc:2    | Found a roughly hewn altar of Beogh.
 13112 | Orc:2    | Found Ontoclasm's General Store.
 13131 | Orc:2    | Bought a scroll of blinking for 127 gold pieces
 13131 | Orc:2    | Bought 2 potions of curing for 102 gold pieces
 13131 | Orc:2    | Bought a scroll of fear for 59 gold pieces
 13131 | Orc:2    | Bought the +0 mask of the Dragon {MR+ Slay+3 +Vis} for 567
                  | gold pieces
 13131 | Orc:2    | Found the +0 mask of the Dragon {MR+ Slay+3 +Vis}
 13190 | Orc:2    | Found a roughly hewn altar of Beogh.
 13287 | Orc:2    | Found a roughly hewn altar of Beogh.
 13337 | Orc:2    | Found a roughly hewn altar of Beogh.
 13347 | Orc:2    | Found Awul's Armour Boutique.
 13429 | Orc:2    | Identified the cursed amulet "Pefycalu" {RegenMP rF+ rC++
                  | MR+ Slay+5 Stlth-, (Curse: *Slow Fragile -Vis)}
 13473 | Orc:2    | Found Ykuinism's Antique Armour Emporium.
 13475 | Orc:2    | Found a roughly hewn altar of Beogh.
 13479 | Orc:2    | Found Ecsi's Antique Weapon Shoppe.
 13735 | Snake:1  | Entered Level 1 of the Snake Pit
 13845 | Snake:1  | Reached skill level 5 in Dodging
 14006 | Snake:1  | Found Wodatz's Distillery.
 14006 | Snake:1  | Found Nus Jaje's Jewellery Boutique.
 14076 | Snake:1  | Reached skill level 5 in Armour
 14272 | Snake:2  | Found a runed translucent gate.
 14273 | Snake:2  | Found a runed translucent gate.
 14281 | Snake:2  | Found a runed translucent gate.
 14281 | Snake:2  | Noticed Lanoc's ghost (adept DrDs)
 14704 | Snake:2  | Killed Lanoc's ghost
 14752 | Snake:2  | Reached XP level 16. HP: 136/139 MP: 18/18
 14789 | Snake:2  | Identified the cursed ring "Umip" {rN+ MP+9 Str-3 Int+3
                  | Slay+5, (Curse: Fragile)}
 15075 | Snake:3  | Found a transporter.
 15075 | Snake:3  | Found a transporter.
 15075 | Snake:3  | Noticed Gammafunk
 15463 | Snake:3  | Killed Gammafunk
 15466 | Snake:3  | Reached XP level 17. HP: 92/148 MP: 19/19
 15562 | Snake:4  | Entered Level 4 of the Snake Pit
 15562 | Snake:4  | Identified the +2 leather armour of Tenacity {*Contam rElec
                  | Dex+6}
 15580 | Snake:4  | Identified the cursed amulet "Zuthy" {+Rage +Fly Str-2
                  | Dex+4 Slay+5, (Curse: Fragile MR-)}
 15582 | Snake:4  | Identified the cursed amulet of the Dragon {Harm *Drain rN+
                  | Str+4, (Curse: Fragile rC-)}
 15613 | Snake:4  | Identified Roxanne's Compendium of Ignition
 15613 | Snake:4  | Noticed Roxanne
 15625 | Snake:4  | Killed Roxanne
 15650 | Snake:4  | Noticed Saint Roka
 15653 | Snake:4  | Killed Saint Roka
 16216 | Snake:4  | Reached XP level 18. HP: 158/158 MP: 20/20
 16322 | Snake:4  | Identified the cursed +9 rapier "Paup" {molten, *Noise
                  | Int+8 Dex-3 +Vis, (Curse: *Drain)}
 16323 | Snake:4  | Identified the cursed ring "Miph" {rC- AC+5 Int+8, (Curse:
                  | Fragile)}
 16331 | Snake:4  | Identified the cursed ring "Uscheim" {Str+5 Stlth+, (Curse:
                  | Fragile Slay-6)}
 16335 | Snake:4  | Reached skill level 21 in Bows
 16365 | Snake:4  | Got a serpentine rune of Zot
 16393 | Snake:4  | Identified the cursed +10 dire flail "Murmur" {molten,
                  | Str+4 Dex-2, (Curse: rC-)}
 16467 | Snake:4  | Bought a scroll of enchantment for 120 gold pieces
 16467 | Snake:4  | Bought a scroll of teleportation for 48 gold pieces
 16467 | Snake:4  | Bought a scroll of fear for 56 gold pieces
 16467 | Snake:4  | Bought a scroll of magic mapping for 56 gold pieces
 16467 | Snake:4  | Bought a scroll of acquirement for 832 gold pieces
 16467 | Snake:4  | Bought a scroll of fear for 56 gold pieces
 16551 | Shoals:1 | Entered Level 1 of the Shoals
 16584 | Shoals:1 | Found a frozen archway.
 16594 | IceCv    | Entered an ice cave
 17070 | Shoals:1 | Found a flickering gateway to a bazaar.
 17079 | Bazaar   | Entered a bazaar
 17079 | Bazaar   | Found Meutoh's Antique Armour Shop.
 17079 | Bazaar   | Found Dueteuha's Distillery.
 17097 | Bazaar   | Found Tiorch's Gadget Emporium.
 17108 | Bazaar   | Found Xacumale's Antique Weapon Boutique.
 17109 | Bazaar   | Found Witolam's General Store.
 17152 | Bazaar   | Bought a pitted cloak for 171 gold pieces
 17152 | Bazaar   | Identified the +0 cloak "Urirrore" {rC- rCorr Int+3} (You
                  | bought it in a shop in a bazaar)
 17161 | Bazaar   | Bought 2 potions of cancellation for 176 gold pieces
 17161 | Bazaar   | Bought a potion of curing for 33 gold pieces
 17161 | Bazaar   | Bought 2 potions of agility for 88 gold pieces
 17161 | Bazaar   | Bought 2 potions of haste for 220 gold pieces
 17161 | Bazaar   | Bought a potion of cancellation for 88 gold pieces
 17183 | Bazaar   | Bought a potion of haste for 60 gold pieces
 17183 | Bazaar   | Bought a potion of curing for 18 gold pieces
 17183 | Bazaar   | Bought a potion of invisibility for 48 gold pieces
 17600 | Shoals:1 | Noticed Louise
 17603 | Shoals:1 | Killed Louise
 17704 | Shoals:1 | Found a radiant altar of Vehumet.
 17864 | Shoals:2 | Noticed Frances
 17865 | Shoals:2 | Killed Frances
 17987 | Shoals:2 | Found Kosapn's Armour Boutique.
 18854 | Shoals:4 | Entered Level 4 of the Shoals
 18875 | Shoals:4 | Found Hizoojui's Distillery.
 18895 | Shoals:4 | Bought a potion of invisibility for 160 gold pieces
 18895 | Shoals:4 | Bought a potion of curing for 60 gold pieces
 18895 | Shoals:4 | Bought 2 potions of agility for 160 gold pieces
 18895 | Shoals:4 | Bought a potion of curing for 60 gold pieces
 18895 | Shoals:4 | Bought a potion of cancellation for 160 gold pieces
 18895 | Shoals:4 | Bought a potion of heal wounds for 100 gold pieces
 18895 | Shoals:4 | Bought a potion of might for 80 gold pieces
 18895 | Shoals:4 | Bought a potion of heal wounds for 100 gold pieces
 18895 | Shoals:4 | Bought a potion of curing for 60 gold pieces
 18918 | Shoals:4 | Identified the cursed ring "Plog" {Ice *Drain Str+9 Dex+3,
                  | (Curse: *Tele)}
 18919 | Shoals:4 | Reached skill level 15 in Fighting
 19048 | Shoals:4 | Noticed Polyphemus
 19051 | Shoals:4 | Killed Polyphemus
 19096 | Shoals:4 | Reached XP level 19. HP: 116/170 MP: 21/21
 19203 | Shoals:4 | Got a barnacled rune of Zot
 19237 | Shoals:4 | Noticed Mara
 19240 | Shoals:4 | Killed Mara
 19839 | D:6      | Bought the +2 ratskin cloak {+Rats rPois rN+ Str-1 Int-1
                  | Dex+1} for 806 gold pieces
 19839 | D:6      | Found the +2 ratskin cloak {+Rats rPois rN+ Str-1 Int-1
                  | Dex+1}
 19862 | D:7      | Found a gate to the Vaults.
 19862 | D:7      | Noticed Rupert
 19862 | D:7      | Noticed Nessos
 20126 | D:7      | Killed Nessos
 20155 | D:7      | Reached skill level 22 in Bows
 20225 | D:7      | Killed Rupert
 20339 | D:7      | Noticed Urug
 20340 | D:7      | Killed Urug
 20709 | Vaults:1 | Entered Level 1 of the Vaults
 20793 | Vaults:1 | Reached skill level 10 in Dodging
 21400 | Vaults:1 | Identified the ring of Lesser Demons {-Vis rElec rPois
                  | Str+10 Dex+4}
 21406 | Vaults:1 | Reached XP level 20. HP: 200/200 MP: 22/22
 21941 | Vaults:2 | Noticed Nikola
 21943 | Vaults:2 | Killed Nikola
 22123 | Vaults:2 | Noticed Jory
 22126 | Vaults:2 | Killed Jory
 22203 | Vaults:2 | Found a gateway to a bazaar.
 22223 | Vaults:2 | Reached skill level 10 in Armour
 22801 | Vaults:2 | Identified the cursed ring of Somoof {Int+5 Dex+4, (Curse:
                  | Fragile)}
 22972 | Vaults:2 | Found a runed translucent door.
 23056 | Vaults:2 | Identified the cursed ring of Goocvampao {*Corrode rPois
                  | rC+ MR+ MP+9, (Curse: Fragile)}
 23110 | Vaults:2 | Found a staircase to the Crypt.
 23124 | Vaults:2 | Identified the -1 staff of Bofoegao {chaos, cold; rC+ MR+
                  | Str+4}
 23206 | Vaults:2 | Noticed MackTheFife's ghost (veteran HOGl)
 23211 | Vaults:2 | Killed MackTheFife's ghost
 23345 | Vaults:3 | Reached skill level 23 in Bows
 23488 | Vaults:3 | Identified the cursed +11 arbalest of Resourcefulness
                  | {elec, +Blink Int+3, (Curse: *Drain rC-)}
 23547 | Vaults:3 | Found Fophovy's Assorted Antiques.
 23746 | Vaults:3 | Reached XP level 21. HP: 210/210 MP: 23/23
 24462 | Vaults:4 | Noticed Boris
 24465 | Vaults:4 | Killed Boris
 24721 | Vaults:4 | Identified the cursed ring "Xocafikk" {rPois MR+, (Curse:
                  | Fragile)}
 24865 | Vaults:4 | Identified the +0 cloak of Coronation {rC+ Regen+ Dex+7
                  | Stlth-}
 24908 | Vaults:4 | Identified the +5 great mace of Traps {freeze, +Inv rF++
                  | rC+++ Dex+3}
 24919 | Vaults:4 | Identified the cursed ring "Wajipp" {rElec rPois Int+2,
                  | (Curse: *Drain Fragile)}
 24919 | Vaults:4 | Identified the cursed ring "Wedit" {Wiz rC+ Dex+6, (Curse:
                  | Fragile Stlth-)}
 25002 | Vaults:4 | Noticed Asterion
 25021 | Vaults:4 | Mangled by a balrug

Levels and vault maps discovered:
D:1:      dpeg_arrival_erosion, layout_basic, first_ration,
          hangedman_decor_slide_cut, interstate_on_off,
          minmay_shallow_snake_nest
D:2:      layout_sewer, elyvilon_niche, serial_shops, shop_coins,
          nicolae_elemental_shop, evilmike_ruin_ashenzari
D:3:      layout_rooms, chequers_temple_overflow_minitemple, uniq_edmund
D:4:      layout_roguey, nicolae_overflow_hidden_temple,
          minmay_temple_entry_statues_pillars, basic_altar, serial_shops,
          nicolae_shop_overgrown_old_shop, uniq_maggie
D:5:      layout_roguey [special_room_orc], gammafunk_temple_overflow_wave,
          lair_entry_dummy
D:6:      layout_roguey, david_orc_2, hangedman_little_slice_of_home
D:7:      layout_roguey, david_vaults_3, fountainhead,
          miniossuary_due_ghosttown, uniq_urug
Temple:   kb_corrupted_temple
Lair:1:   layout_layer_cave, infiniplex_staircase_pool_2, uniq_nergalle
Lair:2:   layout_chaotic_city, minmay_snake_entry_guardpost_small,
          nicolae_volcano_entry_batcave, wad_woods_road_04
Lair:3:   layout_cave_shapes, elwin_shoals_entry_stream
Lair:4:   layout_small_grid, ossuary_minmay_four_chambers, grunt_megastairs_4
Lair:5:   layout_loops_ring, slime_altar_1, serial_bayou_ford_a, uniq_snorg
Lair:6:   gammafunk_lair_ancient_temple, layout_misc_corridors,
          infiniplex_staircase_pool
Shoals:1: layout_shoals, portal_ice_cave_entry_dragon, serial_shops,
          freezing_bzr, lemuel_centaur_altar, uniq_louise
Shoals:2: layout_shoals, serial_shops, nicolae_shop_stone, uniq_frances
Shoals:3: layout_shoals, nicolae_shoals_so_close
Shoals:4: shoals_end_hangedman, layout_shoals, serial_shops, shop,
          uniq_polyphemus, uniq_mara
Snake:1:  layout_gridlike, minmay_shoptagon
Snake:2:  layout_grid_maze, ebering_ghost_rock_garden, serial_bayou_pond_b,
          serial_bayou_shore_a
Snake:3:  layout_rooms, abandoned_shop, uniq_gammafunk_teleport
Snake:4:  grunt_snake_rune_pools, layout_rooms, uniq_saint_roka, uniq_roxanne
Orc:1:    layout_caves, basic_altar
Orc:2:    grunt_orc_community_town_hall, layout_caves,
          grunt_orc_community_big_house_2, grunt_orc_community_big_house_1,
          grunt_orc_community_house_2, grunt_orc_community_house_1,
          grunt_orc_community_house_1, grunt_orc_community_house_3,
          grunt_orc_community_house_2
Vaults:1: grunt_vaults_swirl, v_misc_1, vaults_mumra_minichess, st_lattice,
          dpeg_vaults_monster_box, layout_vaults_chaotic_city
Vaults:2: ebering_vaults_ghost_reflecting_pool, hangedman_vaults_river_flow,
          nicolae_vaults_stairing_the_circle, hangedman_vaults_stitches,
          vaults_room_guarded_vault, v_pattern_5, hangedman_vaults_impose,
          nicolae_vaults_mini_display_case, ontoclasm_vaults_chip,
          grunt_vaults_hallway_short, vaults_room_semicircle,
          layout_vaults_omnigrid, dummy_crypt_entry, serial_shops, statue_bzr,
          uniq_jory, uniq_nikola
Vaults:3: nicolae_vaults_network_periphery, hangedman_vaults_nails,
          grunt_vaults_focal, v_pattern_2, nicolae_vaults_little_squares_1,
          nicolae_vaults_yaktaur_gun_rack, vaults_room_door_ring, v_misc_12,
          ontoclasm_vaults_claustrophobia, ontoclasm_vaults_chip,
          dpeg_vaults_waves, ontoclasm_vaults_ligature, layout_vaults_big_cross,
          serial_shops, shop
Vaults:4: vaults_room_pool, nicolae_vaults_network_quincunx
          [nicolae_vaults_network_quincunx_subvault,
          nicolae_vaults_network_quincunx_subvault,
          nicolae_vaults_network_quincunx_subvault,
          nicolae_vaults_network_quincunx_subvault,
          nicolae_vaults_network_quincunx_subvault], v_misc_27, v_pattern_1,
          sword_in_stone, vaults_room_fours, nicolae_vaults_what_the_h,
          ontoclasm_vaults_loading_screen, hangedman_vaults_hat,
          stair_cage_open, vaults_room_fancy_cross, v_misc_8,
          layout_vaults_omnibox, uniq_xtahua, uniq_donald, uniq_boris

Skill      XL: |  1  2  3  4  5  6  7  8  9 10 11 12 13 14 15 16 17 18 19 20 21 |
---------------+----------------------------------------------------------------+-----
Bows           | 1 2 3 5 6 7 10 13 15 17 18 19 20 21 22 23 | 23.4
Dodging        | 3 6 8 9 10 11 12 | 12.1
Armour         | 3 5 7 8 9 10 11 | 11.2
Fighting       | 6 10 12 13 15 16 17 18 | 18.0
Stealth        | |  0.8
Spellcasting   | |  1.1

Action                   |  1- 3 |  4- 6 |  7- 9 | 10-12 | 13-15 | 16-18 | 19-21 || total
-------------------------+-------+-------+-------+-------+-------+-------+-------++-------
Melee: Unarmed           |    19 |       |     7 |       |       |       |       ||    26
 Fire: Shortbow          |    33 |    86 |   234 |   565 |    16 |       |       ||   934
       Longbow           |       |       |       |       |   586 |   453 |   594 ||  1633
Invok: Call Merchant     |       |       |       |       |     5 |     1 |     1 ||     7
Evoke: Wand              |       |       |       |       |       |       |     2 ||     2
  Use: Potion            |       |     4 |     2 |       |       |     1 |     1 ||     8
       Scroll            |       |     1 |     3 |     4 |     7 |     8 |     1 ||    24
  Eat: Ration            |       |       |     1 |     2 |     4 |     4 |     4 ||    15
Armor: Robe              |       |     1 |     1 |       |       |       |       ||     2
       Steam dragon scal |       |       |     1 |     8 |    21 |       |       ||    30
       Animal skin       |       |       |       |       |     2 |    10 |    19 ||    31
Dodge: Dodged            |     3 |    31 |    19 |    27 |    17 |    22 |    42 ||   161
Block: Other             |       |     4 |       |     6 |    15 |    11 |    17 ||    53
